 Dungeon Crawl Stone Soup version 0.32-a0-673-g3729bd50f8 (webtiles) character file.

Game seed: 18130928316896381564

60053 gimp the Eclecticist (level 14, -2/98 HPs)
             Began as a Barachi Earth Elementalist on Mar 11, 2024.
             Was a High Priest of Vehumet.
             Slain by a rust devil (7 damage)
             ... summoned by an orc sorcerer
             ... led by an orc knight
             ... while paralysed by an orc sorcerer
             ... on level 1 of the Orcish Mines.
             The game lasted 00:41:23 (20563 turns).

gimp the Eclecticist (Barachi Earth Elementalist)  Turns: 20563, Time: 00:41:23

Health: -2/98      AC:  8    Str: 11    XL:     14   Next: 97%
Magic:  26/33      EV:  2    Int: 25    God:    Vehumet [*****.]
Gold:   433        SH:  0    Dex: 13    Spells: 21/44 levels left

rFire   + + .        R - +7 mace "Donki" {pain, rElec rC+ Str+2 Int-2}
rCold   + . .        (no shield)
rNeg    . . .        B - +4 leather armour of the Alphagorgon {Regen+ SInv}
rPois   +            G - +1 helmet {rF+}
rElec   +            U - +1 cloak {rF+}
rCorr   .            a - +0 pair of gloves of Poor Excuses {rPois Regen+}
SInv    +            C - +2 pair of boots
Will    +....        L - amulet of magic regeneration
Stlth   ++           S - +6 ring of intelligence
HPRegen 1.96/turn    F - +5 ring of evasion
MPRegen 0.63/turn

%: no passive effects
@: paralysed, spiked, corroded, slow
A: amphibious, slowness 1, strong legs 2, +LOS
a: Hop, Renounce Religion


You were on level 1 of the Orcish Mines.
You worshipped Vehumet.
Vehumet was extremely pleased with you.
You visited 3 branches of the dungeon, and saw 18 of its levels.
You also visited: Sewer and Volcano.

You collected 1173 gold pieces.
You spent 740 gold pieces at shops.

Inventory:

Hand Weapons
 R - the +7 mace "Donki" (weapon) {pain, rElec rC+ Str+2 Int-2}
   (You found it on level 2 of the Lair of Beasts)

   Str+2:     It affects your strength (+2).
   Int-2:     It affects your intelligence (-2).
   rC+:       It protects you from cold.
   rElec:     It insulates you from electricity.
Missiles
 l - 5 throwing nets
 n - 7 curare-tipped darts
Armour
 a - the +0 pair of gloves of Poor Excuses (worn) {rPois Regen+}
   (You bought it in a shop on level 10 of the Dungeon)

   rPois:     It protects you from poison.
   Regen+:    It increases your rate of health regeneration.
 f - +1 acid dragon scales
 B - the +4 leather armour of the Alphagorgon (worn) {Regen+ SInv}
   (You took it off an orc wizard on level 8 of the Dungeon)

   SInv:      It lets you see invisible.
   Regen+:    It increases your rate of health regeneration.
 C - a +2 pair of boots (worn)
 G - a +1 helmet of fire resistance (worn)
 P - a +2 robe of cold resistance
 U - a +1 cloak of fire resistance (worn)
Magical Staves
 b - a staff of fire
 c - a staff of cold
Jewellery
 s - a ring of positive energy
 F - a +5 ring of evasion (right hand)
 L - an amulet of magic regeneration (around neck)
 S - a +6 ring of intelligence (left hand)
 Z - a ring of protection from cold
Wands
 t - a wand of charming (26)
 y - a wand of iceblast (9)
 z - a wand of flame (24)
 A - a wand of quicksilver (12)
 M - a wand of digging (5)
Scrolls
 d - a scroll of enchant weapon {unknown}
 e - 7 scrolls of amnesia
 g - 2 scrolls of immolation
 i - 2 scrolls of blinking
 p - 2 scrolls of fear
 v - a scroll of revelation
 x - 2 scrolls of vulnerability
 H - 3 scrolls of teleportation
 I - 3 scrolls of enchant armour
 Q - a scroll of butterflies
 T - a scroll of poison
 Y - a scroll of acquirement {unknown}
Potions
 h - 7 potions of haste
 j - 4 potions of curing
 o - 3 potions of lignification
 q - a potion of cancellation
 r - a potion of heal wounds
 u - a potion of magic
 D - 2 potions of berserk rage
 J - 2 potions of ambrosia
 K - a potion of enlightenment
 N - 2 potions of might
 V - 3 potions of invisibility {unknown}
 W - a potion of brilliance {unknown}
 X - 2 potions of mutation {unknown}
Miscellaneous
 O - a phantom mirror


   Skills:
 - Level 5.0 Fighting
 - Level 4.0 Armour
 - Level 9.0 Dodging
 - Level 1.7 Stealth
 + Level 15.9 Spellcasting
 - Level 6.4 Conjurations
 * Level 11.4 Fire Magic
 * Level 10.0 Air Magic
 - Level 8.0 Earth Magic
 - Level 9.0 Evocations


You had 21 spell levels left.
You knew the following spells:

 Your Spells              Type           Power      Damage    Failure   Level
a - Stone Arrow           Conj/Erth      100%       3d13      1%          3
b - Sandblast             Erth           100%       2d20      1%          1
c - Passwall              Erth           56%        N/A       1%          3
d - Flame Wave            Conj/Fire      59%        2d14      1%          4
e - Plasma Beam           Fire/Air       32%        2x1d45    1%          6
f - Apportation           Tloc           38%        N/A       3%          1
g - Fireball              Conj/Fire      29%        3d13      1%          5

Your spell library contained the following spells:

 Spells                   Type           Power      Damage    Failure   Level
 Kiss of Death            Conj/Necr      100%       2d13      1%          1
 Cigotuvi's Dreadful Rot  Necr/Alch/Air  72%        N/A       1%          2
 Dazzling Flash           Conj/Hex       72%        N/A       1%          3
 Swiftness                Air            63%        N/A       1%          3
 Volatile Blastmotes      Fire/Tloc      96%        2d18      1%          3
 Brom's Barrelling Bould  Conj/Erth      54%        2d7       1%          4
 Starburst                Conj/Fire      29%        6d9       3%          6
 Ensorcelled Hibernation  Hex/Ice        38%        N/A       5%          2
 Jinxbite                 Hex            38%        N/A       5%          2
 Petrify                  Alch/Erth      39%        N/A       7%          4
 Confusing Touch          Hex            19%        N/A       11%         3
 Dispel Undead            Necr           19%        3d11      34%         4
 Martyr's Knell           Necr/Summ      19%        N/A       34%         4
 Maxwell's Capacitive Co  Air            31%        ∞         63%         8
 Alistair's Intoxication  Alch           12%        N/A       67%         5
 Summon Forest            Summ/Tloc      9%         N/A       67%         5
 Summon Mana Viper        Hex/Summ       19%        N/A       67%         5
 Death Channel            Necr           9%         N/A       99%         6
 Summon Cactus Giant      Summ           9%         N/A       99%         6


Dungeon Overview and Level Annotations

Branches:
Dungeon (11/15)            Temple (0/1) D:6            Lair (5/5) D:11
 Shoals (0/4) Lair:2        Snake (0/4) Lair:2        Slime (0/5) Lair:4
    Orc (2/2) D:11          Sewer (visited)         Volcano (visited)
    Elf: Orc:2

Altars:
Ashenzari
Fedhas
Gozag
Hepliaklqana
Kikubaaqudgha
Makhleb
Qazlal
Sif Muna
Vehumet
Yredelemnul
Jiyva

Shops:
D:1 :   D:5 (   D:9 **(   D:10 *[

Annotations:
D:5 3 runed translucent doors, exclusion: 3 doors, BeKind's ghost, amateur OpSu
Orc:2 exclusion: 2 doors


Innate Abilities, Weirdness & Mutations

You are amphibious.
You cover ground slowly.
You can hop long distances.
You have an extended range of vision and can be seen from far away.


Message History

The flame wave engulfs the warg!
The warg is almost dead.
The flame wave engulfs the orc warrior!
The orc warrior is severely wounded.
The warg closely misses you. The orc warrior closely misses you.
The warg misses you.
An orc comes into view. It is wielding a +0 short sword.
Your Air Magic skill increases to level 10!
You regained 2 hp, and now have 81/98 hp.
You now have 28/33 mp.
A wave of flame ripples out!
The flame wave engulfs the warg!
You kill the warg!
Vehumet accepts your kill.
You feel your power returning.
The flame wave engulfs the orc warrior!!
You kill the orc warrior!
Vehumet accepts your kill.
An orc wizard comes into view. It is wielding a +0 dagger.
A wave of flame ripples out!
The flame wave engulfs the rust devil.
The rust devil completely resists.
You finish channelling waves of flame.
An orc warrior comes into view. It is wielding a +0 long sword.
You regained 2 hp, and now have 84/98 hp.
The orc sorcerer gestures wildly while chanting.
You hear a shout!
You climb downwards.
Level annotation: exclusion: 2 doors
There is a stone staircase leading up here.
You regained 5 hp, and now have 89/98 hp.
This spell is mildly dangerous to cast.
Vehumet grants you knowledge of Fireball.
You start memorising the spell.
You continue memorising. x3
Magic restored.
You continue memorising.
HP restored.
You continue memorising.
You finish memorising.
You add the spell Fireball to your library.
Spell assigned to 'g'.
Health restored: 98; MP restored: 33 You climb upwards.
The orc shouts!
The ice devil barely misses you. The rust devil closely misses you.
The orc knight misses you.
There is a stone staircase leading down, spattered with blood here.
Casting: Flame Wave (safe; 1% risk of failure)
Confirm with . or Enter, or press ? or * to list all spells.
Aiming: Fireball (mildly dangerous; 1% risk of failure)
Press: ? - help, Shift-Dir - straight line, f - orc sorcerer
Aim: an orc sorcerer, wielding a +0 dagger and wearing a +0 robe of willpower The fireball explodes!
The fireball engulfs the orc sorcerer!!
The orc sorcerer is severely wounded.
The fireball engulfs the orc!
You kill the orc!
Vehumet accepts your kill.
The fireball engulfs the ice devil!!
The ice devil is burned terribly!
The ice devil is heavily wounded.
The orc knight barely misses you. The orc warrior closely misses you.
The ice devil hits you. The ice devil freezes you. You resist.
The orc sorcerer gestures wildly while chanting.
An orc warrior comes into view. It is wielding a +0 scimitar.
The rust devil completely misses you.
You take 9 damage, and have 89/98 hp.
You now have 28/33 mp.
Casting: Fireball (mildly dangerous; 1% risk of failure)
Confirm with . or Enter, or press ? or * to list all spells.
Aiming: Fireball (mildly dangerous; 1% risk of failure)
Press: ? - help, Shift-Dir - straight line, f/p - orc sorcerer
Aim: an orc sorcerer, wielding a +0 dagger and wearing a +0 robe of willpower (severely wounded)
The fireball explodes!
The fireball engulfs the orc sorcerer!
The orc sorcerer is almost dead.
The fireball engulfs the red devil.
The red devil completely resists.
The fireball engulfs the ice devil!!
The ice devil is burned terribly!
The ice devil is almost dead.
The ice devil hits you but does no damage.
The orc warrior completely misses you. The rust devil closely misses you.
The orc knight misses you. The orc closely misses you.
You regained 2 hp, and now have 91/98 hp.
You now have 24/33 mp.
The orc hits you but does no damage. The rust devil hits you.
The rust devil corrodes you! The orc sorcerer casts a spell at you.
You suddenly lose the ability to move!
You stop descending the stairs.
The orc knight hits you but does no damage.
The orc warrior hits you but does no damage.
The ice devil hits you. The ice devil freezes you! You resist.
The red devil hits you from afar with a +0 trident!
Barbed spikes become lodged in your body.
The ice devil hits you. The ice devil freezes you! You resist.
The orc sorcerer hits you with a +0 dagger.
The orc warrior hits you with a +0 flail.
The rust devil hits you. The rust devil corrodes you!
The orc knight hits you with a +0 battleaxe!!
* * * LOW HITPOINT WARNING * * *
The red devil hits you from afar with a +0 trident!
* * * LOW HITPOINT WARNING * * *
More barbed spikes become lodged in your body.
The orc wizard mumbles some strange words.
The orc wizard flickers and vanishes for a moment.
The rust devil hits you!
You die...

#### #.#. ##...
##### ###....
##....# #......
.......
.....##...#o..
#[).[..o.....
#.$4o.o.....
#o@o.# #.o4oo..#
....4)........
#.......#.......
#......o##......
#.........
......
#....#.... .##..
...####... ## .
... ##..


You could see an orc knight, an ice devil (summoned), a rust devil (summoned),
an orc sorcerer, a red devil (summoned), 3 orc warriors, an orc wizard
(invisible) and 4 orcs.

Vanquished Creatures
  Josephine (D:11)
  Fannar (Lair:1)
  Harold (D:11)
  5 hydras
  3 catoblepae
  3 two-headed ogres
  A merfolk avatar (Lair:5)
  A death yak (Lair:4)
  Sonja (Lair:5)
  Urug (Lair:3)
  Amaemon (D:10)
  2 skysharks
  A sea snake (Lair:5)
  A harpy (Lair:5)
  A necromancer (Lair:3)
  2 manticores (Lair:5)
  A cyclops (D:11)
  2 salamanders (Volcano)
  13 elephants
  A merfolk siren (Lair:2)
  A kobold blastminer (Orc:2)
  8 black mambas
  A cane toad (shapeshifter) (D:11)
  A torpor snail (Lair:5)
  9 cane toads
  5 rime drakes
  An orange demon (D:11)
  A kobold demonologist (D:10)
  2 unseen horrors
  Maggie (D:7)
  12 komodo dragons
  6 polar bears
  21 blink frogs
  11 dream sheep (Lair:4)
  A shadow (D:11)
  4 wyverns
  2 fire bats (Volcano)
  6 wraiths (D:11)
  A vampire (D:11)
  44 yaks
  2 wargs
  2 basilisks
  6 vampire mosquitoes
  An acid dragon (D:10)
  3 hell hounds (Volcano)
  20 water moccasins
  4 black bears
  14 orc warriors
  2 ice beasts
  12 wolves
  4 ogres
  7 centaurs
  2 phantoms
  A brain worm (Sewer)
  17 bullfrogs
  A gnoll sergeant (D:10)
  8 kobold brigands
  2 scorpions
  19 wights
  6 killer bees (D:8)
  3 howler monkeys
  A troll skeleton (D:10)
  A bombardier beetle (D:3)
  5 spriggan skeletons (D:10)
  4 electric eels
  2 hounds (D:5)
  2 lava snakes (Lair:5)
  A jelly (D:5)
  4 orc priests
  Jessica (D:3)
  2 iguanas (D:4)
  12 orc wizards
  A yak simulacrum (Lair:3)
  2 polar bear simulacra (Lair:3)
  6 wolf simulacra (Lair:3)
  4 gnolls (D:10)
  15 adders
  3 river rats (Sewer)
  A shadow imp (D:7)
  2 white imps
  A dart slug (D:3)
  11 ribbon worms
  72 orcs
  7 endoplasms
  7 giant cockroaches
  8 goblins
  7 hobgoblins
  3 jackals (D:5)
  3 quokkas
  7 ball pythons
  6 frilled lizards
  24 kobolds
  6 rats
  2 river rat simulacra (Lair:3)
550 creatures vanquished.

Notes
Turn   | Place    | Note
-------+----------+-------------------------------------------
     0 | D:1      | gimp the Barachi Earth Elementalist began the quest for the
                  | Orb.
     0 | D:1      | Reached XP level 1. HP: 13/13 MP: 3/3
   322 | D:1      | Reached XP level 2. HP: 12/19 MP: 1/5
   696 | D:1      | Found Gupsol's Book Boutique.
   959 | D:2      | Reached XP level 3. HP: 18/24 MP: 1/7
  1356 | D:2      | Found a faded altar of an unknown god.
  1559 | D:2      | Reached skill level 3 in Spellcasting
  1926 | D:3      | Reached XP level 4. HP: 30/30 MP: 5/8
  2044 | D:3      | Learned a level 3 spell: Stone Arrow
  2048 | D:3      | Learned a level 3 spell: Passwall
  2075 | D:3      | Identified the +0 robe of Oraadih {Harm rC+ rCorr}
  2184 | D:3      | Reached XP level 5. HP: 35/35 MP: 4/10
  2452 | D:3      | Found a faded altar of an unknown god.
  2568 | D:3      | Noticed Jessica
  2575 | D:3      | Killed Jessica
  2751 | D:4      | Found a glowing drain.
  2787 | D:4      | Reached skill level 4 in Spellcasting
  2831 | Sewer    | Entered a sewer
  2892 | Sewer    | Reached XP level 6. HP: 41/41 MP: 9/12
  3397 | Sewer    | Reached XP level 7. HP: 46/46 MP: 9/13
  3449 | Sewer    | Reached skill level 5 in Earth Magic
  3928 | Sewer    | Reached skill level 5 in Spellcasting
  4278 | D:4      | Reached skill level 5 in Conjurations
  4780 | D:4      | Found a hazy altar of Hepliaklqana.
  4782 | D:4      | Found a faded altar of an unknown god.
  5024 | D:3      | Found a radiant altar of Vehumet.
  5030 | D:3      | Became a worshipper of Vehumet
  5050 | D:5      | Entered Level 5 of the Dungeon
  5068 | D:5      | Reached XP level 8. HP: 52/52 MP: 12/16
  5191 | D:5      | Found a runed translucent gate.
  5191 | D:5      | Found a runed translucent gate.
  5192 | D:5      | Found a runed translucent gate.
  5192 | D:5      | Noticed BeKind's ghost (amateur OpSu)
  5583 | D:5      | Reached skill level 6 in Spellcasting
  5848 | D:5      | Found Gyen's Antique Weapon Boutique.
  5853 | D:5      | Reached skill level 1 in Fighting
  6928 | D:6      | Found a staircase to the Ecumenical Temple.
  7034 | D:6      | Reached * piety under Vehumet
  7034 | D:6      | Offered knowledge of Sting by Vehumet.
  7041 | D:6      | Reached XP level 9. HP: 64/64 MP: 10/19
  7045 | D:6      | Reached skill level 7 in Spellcasting
  7659 | D:7      | Found a burning altar of Makhleb.
  7661 | D:7      | Found a basalt altar of Yredelemnul.
  7669 | D:7      | Found a stormy altar of Qazlal.
  7673 | D:7      | Found a broken altar of Ashenzari.
  7719 | D:7      | Noticed Maggie
  7833 | D:7      | Reached skill level 5 in Fighting
  7896 | D:7      | Killed Maggie
  8105 | D:7      | Reached skill level 8 in Spellcasting
  8579 | D:7      | Found a blossoming altar of Fedhas.
  8833 | D:8      | Reached XP level 10. HP: 37/74 MP: 3/22
  8833 | D:8      | Offered knowledge of Static Discharge by Vehumet.
  8834 | D:8      | Reached skill level 5 in Dodging
  8979 | D:8      | Reached ** piety under Vehumet
  9119 | D:8      | Reached skill level 9 in Spellcasting
  9331 | D:8      | You fall into a shaft and drop 1 floor!
  9539 | D:8      | Identified the +4 leather armour of the Alphagorgon {Regen+
                  | SInv}
 10207 | D:9      | Found Seh Afio's Antique Weapon Emporium.
 10285 | D:9      | Found Seboar's Assorted Antiques.
 10291 | D:9      | Bought an inky potion for 23 gold pieces
 10291 | D:9      | Bought a scroll labelled EJIREWKE APNI for 26 gold pieces
 10291 | D:9      | Bought a scroll labelled SIYSAKLYMAS for 26 gold pieces
 10291 | D:9      | Bought an embroidered scarf for 208 gold pieces
 10697 | D:9      | Found Tulon's Fire Supplies.
 10720 | D:9      | Bought a +0 helmet of fire resistance for 172 gold pieces
 10824 | D:9      | Found an opulent altar of Gozag.
 10830 | D:9      | Found an opulent altar of Gozag.
 10830 | D:9      | Found an opulent altar of Gozag.
 10858 | D:9      | Found an opulent altar of Gozag.
 10905 | D:9      | Noticed a two-headed ogre
 10908 | D:9      | Killed a two-headed ogre
 11067 | D:10     | Entered Level 10 of the Dungeon
 11152 | D:10     | Reached skill level 10 in Spellcasting
 11311 | D:10     | Offered knowledge of Searing Ray by Vehumet.
 11511 | D:10     | Found Futic's Armour Emporium.
 11563 | D:10     | Found Archairchi's Assorted Antiques.
 11982 | D:10     | Noticed an unseen horror
 12102 | D:10     | Killed an unseen horror
 12292 | D:10     | Found an ancient bone altar of Kikubaaqudgha.
 12292 | D:10     | Found a shimmering blue altar of Sif Muna.
 12625 | D:10     | Reached *** piety under Vehumet
 12632 | D:10     | Reached XP level 11. HP: 79/79 MP: 2/25
 12864 | D:11     | Noticed Harold
 12871 | D:11     | Killed Harold
 12872 | D:11     | Reached skill level 11 in Spellcasting
 13038 | D:11     | Found a staircase to the Lair.
 13474 | D:11     | Found a staircase to the Orcish Mines.
 13504 | D:11     | Noticed Amaemon
 13522 | D:11     | Reached skill level 12 in Spellcasting
 13604 | D:10     | Killed Amaemon
 13814 | D:11     | Noticed a soul eater
 13899 | D:11     | Offered knowledge of Flame Wave by Vehumet.
 13910 | D:11     | Learned a level 4 spell: Flame Wave
 13921 | D:11     | Noticed a cyclops
 13927 | D:11     | Killed a cyclops
 13928 | D:11     | Reached skill level 1 in Armour
 13928 | D:11     | Reached skill level 1 in Fire Magic
 14261 | D:11     | Noticed Josephine
 14273 | D:11     | Killed Josephine
 14274 | D:11     | Reached skill level 13 in Spellcasting
 14609 | Lair:1   | Entered Level 1 of the Lair of Beasts
 14618 | D:11     | Reached XP level 12. HP: 26/86 MP: 22/29
 14682 | Lair:1   | Reached skill level 1 in Evocations
 14775 | Lair:1   | Reached **** piety under Vehumet
 15063 | Lair:1   | Offered knowledge of Inner Flame by Vehumet.
 15142 | Lair:1   | Noticed Fannar
 15199 | Lair:1   | Reached skill level 5 in Fire Magic
 15293 | Lair:1   | Killed Fannar
 15939 | Lair:2   | Identified the +7 mace "Donki" {pain, rElec rC+ Str+2
                  | Int-2}
 16016 | Lair:2   | Reached skill level 14 in Spellcasting
 16016 | Lair:2   | Reached skill level 5 in Evocations
 16051 | Lair:2   | Found a staircase to the Snake Pit.
 16137 | Lair:2   | Noticed a five-headed hydra
 16141 | Lair:2   | Killed a five-headed hydra
 16200 | Lair:2   | Found a staircase to the Shoals.
 16654 | Lair:3   | Noticed a six-headed hydra
 16666 | Lair:3   | Killed a six-headed hydra
 16741 | Lair:3   | Gained mutation: You can hop long distances. [Barachi
                  | growth]
 16741 | Lair:3   | Reached XP level 13. HP: 91/91 MP: 24/31
 16915 | Lair:3   | You fall into a shaft and drop 1 floor!
 16969 | Lair:3   | Reached ***** piety under Vehumet
 16969 | Lair:3   | Offered knowledge of Plasma Beam by Vehumet.
 16980 | Lair:4   | Learned a level 6 spell: Plasma Beam
 17015 | Lair:3   | Noticed Urug
 17025 | Lair:3   | Killed Urug
 17026 | Lair:3   | Reached skill level 1 in Air Magic
 17428 | Lair:3   | Reached skill level 15 in Spellcasting
 17624 | Lair:4   | Found a viscous altar of Jiyva.
 17664 | Lair:4   | Found a staircase to the Slime Pits.
 17747 | Lair:4   | Reached skill level 5 in Air Magic
 17955 | Lair:4   | Reached XP level 14. HP: 98/98 MP: 18/33
 18473 | Lair:5   | Entered Level 5 of the Lair of Beasts
 18483 | Lair:5   | Offered knowledge of Arcjolt by Vehumet.
 18588 | Lair:5   | Found a dark tunnel.
 18605 | Volcano  | Entered a volcano
 19036 | Lair:5   | Noticed Sonja
 19038 | Lair:5   | Killed Sonja
 19195 | Lair:5   | Reached skill level 10 in Fire Magic
 19406 | Lair:5   | Identified the +8 trident of the Spider {speed, Will+
                  | Str+3}
 19780 | Lair:5   | Learned a level 1 spell: Apportation
 19982 | D:10     | Bought a pair of fine gloves for 285 gold pieces
 19982 | D:10     | Identified the +0 pair of gloves of Poor Excuses {rPois
                  | Regen+} (You bought it in a shop on level 10 of the
                  | Dungeon)
 20068 | Orc:1    | Entered Level 1 of the Orcish Mines
 20159 | Orc:2    | Entered Level 2 of the Orcish Mines
 20543 | Orc:1    | Offered knowledge of Fireball by Vehumet.
 20547 | Orc:1    | Reached skill level 10 in Air Magic
 20557 | Orc:2    | Learned a level 5 spell: Fireball
 20561 | Orc:1    | Paralysed by an orc sorcerer for 4 turns
 20562 | Orc:1    | HP: 3/98 [red devil/+0 trident[an orc knight] (16)]
 20563 | Orc:1    | Slain by a rust devil

Illustrated notes

Levels and vault maps discovered:
D:1:      dpeg_arrival_oval, layout_basic, serial_shops,
          nicolae_shop_just_a_little_nook
D:2:      layout_loops_ring, shapermc_ecumenical_altar_venn
D:3:      layout_loops_ring, nicolae_overflow_ecumenical_swirl,
          kennysheep_jessica_study, uniq_jessica
D:4:      layout_loops_ring, beargit_hepliaklqana_dungeon_heroes,
          gup_sewer_entry_glass, grunt_decor_fettered
D:5:      layout_rooms, gammafunk_ghost_split, serial_shops,
          nicolae_lakefront_shop
D:6:      layout_rooms, minmay_temple_entry_arrows
D:7:      layout_loops_ring, nicolae_overflow_hidden_temple,
          nicolae_overflow_macrodata_refinement, uniq_maggie
D:8:      layout_loops_ring
D:9:      layout_stronghold, nicolae_gozag_conspicuous_consumption,
          serial_shops, shop, nicolae_take_the_stairs, nicolae_shop_fire_sale
          [nicolae_sub_dead_trees]
D:10:     layout_stronghold, gammafunk_temple_overflow_statue, serial_shops,
          nicolae_shop_competitors_out_of_business, shop,
          hangedman_tell_no_tales
D:11:     layout_small_grid, erik_lair_orcish_takeover, orc_0_dummy,
          uniq_harold, uniq_josephine, uniq_amaemon
Lair:1:   layout_long_grid, uniq_fannar
Lair:2:   layout_long_grid, minmay_shoals_entry_lonely_mermaid,
          minmay_snake_entry_six_corridors
Lair:3:   layout_hall_layers, eino_house_with_fridge, serial_bayou_shore_a,
          grunt_megastairs_3, infiniplex_staircase_pool, uniq_urug
Lair:4:   layout_loops_ring, slime_entry_1, nicolae_lair_yak_garden
Lair:5:   gammafunk_lair_ancient_temple, layout_hall_layers, enter_volcano_1,
          chequers_serial_rivers_micro_b, nicolae_lair_liquid_snakes, uniq_sonja
Orc:1:    layout_diamond_mine, serial_shops, nicolae_shop_just_a_little_nook,
          uniq_gastronok
Orc:2:    pubby_orc_utopia

Skill      XL: |  1  2  3  4  5  6  7  8  9 10 11 12 13 14 |
---------------+-------------------------------------------+-----
Conjurations   | 2 3 4 5 6 |  6.4
Spellcasting   | 3 4 5 6 8 10 13 14 15 | 15.9
Earth Magic    | 4 5 7 8 |  8.0
Fighting       | 3 5 |  5.0
Dodging        | 4 8 9 |  9.0
Armour         | 4 |  4.0
Fire Magic     | 3 7 8 11 | 11.4
Evocations     | 6 9 |  9.0
Air Magic      | 6 10 | 10.0
Stealth        | |  1.7

Action                     |  1- 3 |  4- 6 |  7- 9 | 10-12 | 13-15 || total
---------------------------+-------+-------+-------+-------+-------++-------
  Melee: Dagger            |    37 |     6 |    15 |    44 |       ||   102
         Unarmed           |     4 |       |       |       |       ||     4
         Staff             |       |       |       |       |     2 ||     2
  Throw: Dart              |       |     1 |     1 |       |       ||     2
   Cast: Sandblast         |    50 |    53 |     7 |    10 |       ||   120
         Stone Arrow       |       |    10 |   134 |   333 |   248 ||   725
         Flame Wave        |       |       |       |     5 |    22 ||    27
         Plasma Beam       |       |       |       |       |    64 ||    64
         Fireball          |       |       |       |       |     2 ||     2
Ability: Hop               |       |       |       |     2 |     3 ||     5
  Evoke: Wand              |       |       |       |     5 |       ||     5
    Use: Scroll            |       |       |     5 |    14 |     5 ||    24
         Potion            |       |       |     3 |     1 |       ||     4
 Armour: Robe              |    35 |    15 |    34 |     3 |       ||    87
         Acid dragon scale |       |       |    12 |    10 |       ||    22
         Leather armour    |       |       |       |   101 |   118 ||   219
  Dodge: Dodged            |    57 |    13 |    34 |   215 |   136 ||   455

Table legend: (Time is in decaauts)
 A = Elapsed time spent in this place.
 B = Non-inter-level travel time spent in this place.
 C = Inter-level travel time spent in this place.
 D = Time resting spent in this place.
 E = Time spent auto-exploring this place.
 F = Levels seen in this place.
 G = Mean time per level.
                   A        B        C        D        E       F      G
               +--------+--------+--------+--------+--------+-----+--------+
         Total |  22852 |  21788 |   1064 |    459 |  17562 |  20 | 1142.6 |
       Dungeon |  14980 |  14253 |    727 |    342 |  11986 |  11 | 1361.8 |
          Lair |   5540 |   5232 |    308 |     28 |   3972 |   5 | 1108.0 |
  Orcish Mines |    542 |    513 |     29 |     17 |    313 |   2 |  271.0 |
         Sewer |   1439 |   1439 |      0 |      5 |   1217 |   1 | 1439.0 |
       Volcano |    349 |    349 |      0 |     67 |     72 |   1 |  349.0 |
               +--------+--------+--------+--------+--------+-----+--------+

Top non-repeatable levels by time:
    D:10: 2511 daAuts
     D:5: 1695 daAuts
    D:11: 1561 daAuts
   Sewer: 1439 daAuts
     D:7: 1409 daAuts
     D:8: 1341 daAuts
     D:9: 1237 daAuts
  Lair:5: 1160 daAuts
  Lair:2: 1149 daAuts
  Lair:1: 1149 daAuts
     D:3: 1113 daAuts
     D:4: 1081 daAuts
     D:1: 1078 daAuts
  Lair:4: 1062 daAuts
  Lair:3: 1017 daAuts
